 Dungeon Crawl Stone Soup version 0.30-a0-996-ga6910c8ee8 (webtiles) character file.

Game seed: 9813299938905794712

2349 Newt the Stinger (level 9, -7/48 HPs)
             Began as a Kobold Hunter on Apr 4, 2023.
             Was a Follower of Hepliaklqana.
             Mangled by a white ugly thing (25 damage)
             ... on level 8 of the Dungeon.
             The game lasted 00:06:23 (6140 turns).

Newt the Stinger (Kobold Hunter)                    Turns: 6140, Time: 00:06:24

Health: -7/48      AC:  7    Str: 14    XL:     9   Next: 71%
Magic:  9/17       EV: 16    Int: 19    God:    Hepliaklqana [*.....]
Gold:   238        SH:  5    Dex: 20    Spells: 15/19 levels left

rFire   . . .      SeeInvis .    f - +9 staff of Olgreb {rPois∞}
rCold   . . .      Faith    .    (shield currently unavailable)
rNeg    . . .      Spirit   .    c - +1 leather armour
rPois   ∞          Reflect  +    x - +2 helmet
rElec   .          Rampage  .    (no cloak)
rCorr   .                        (no gloves)
Will    .....                    (no boots)
Stlth   +++                      m - amulet of reflection
HPRegen 0.28/turn                e - +6 ring of strength
MPRegen 0.15/turn                o - +6 ring of intelligence

@: radiating poison
A: reduced essence, small, no large weapons, nightstalker 3
a: Renounce Religion, Evoke the Staff of Olgreb, Recall Ancestor, Ancestor
Identity


You were on level 8 of the Dungeon.
You worshipped Hepliaklqana.
Hepliaklqana was aware of your devotion.
You visited 2 branches of the dungeon, and saw 8 of its levels.

You collected 238 gold pieces.

Inventory:

Hand Weapons
 a - a +0 shortbow
 f - the +9 staff of Olgreb (weapon) {rPois∞}
   (You acquired it on level 2 of the Dungeon)

   It enhances your poison magic.
   It grants immunity to poison.
   It can be activated via the 'a'bility menu to radiate toxic energy, with
   effectiveness depending on Evocations skill.
Armour
 c - a +1 leather armour (worn)
 x - a +2 helmet (worn)
Jewellery
 e - a +6 ring of strength (left hand)
 m - an amulet of reflection (around neck)
 o - a +6 ring of intelligence (right hand)
 p - a ring of poison resistance
 t - an amulet of the acrobat
 w - a ring of positive energy
Scrolls
 b - a scroll of immolation
 d - 4 scrolls of enchant armour
 g - 4 scrolls of fear
 i - a scroll of amnesia {unknown}
 j - 2 scrolls of teleportation
 k - a scroll of vulnerability {unknown}
 l - 2 scrolls of fog
 n - a scroll of blinking {unknown}
 r - a scroll of noise {unknown}
 s - a scroll of brand weapon {unknown}
 u - 3 scrolls of magic mapping
 y - a scroll of identify
Potions
 h - a potion of cancellation
 q - a potion of attraction
 v - a potion of might {unknown}
 z - a potion of lignification {unknown}
 A - a potion of curing {unknown}


   Skills:
 - Level 5.0 Fighting
 - Level 5.0 Staves
 - Level 5.3 Ranged Weapons
 - Level 4.0 Dodging
 - Level 1.3 Stealth
 - Level 5.9 Spellcasting
 + Level 4.3 Necromancy
 - Level 6.0 Poison Magic


You had 15 spell levels left.
You knew the following spells:

 Your Spells              Type           Power      Damage    Failure   Level
a - Dispel Undead         Necr           22%        3d12      24%         4

Your spell library contained the following spells:

 Spells                   Type           Power      Damage    Failure   Level
 Cigotuvi's Dreadful Rot  Necr/Pois/Air  56%        N/A       5%          2
 Olgreb's Toxic Radiance  Pois           42%        N/A       12%         4
 Magic Dart               Conj           20%        1d4       14%         1
 Mephitic Cloud           Conj/Pois/Air  19%        N/A       19%         3
 Call Imp                 Summ           5%         N/A       22%         2
 Static Discharge         Conj/Air       10%        2-3/arc   22%         2
 Airstrike                Air            2%         2d(1-17)  82%         4
 Summon Lightning Spire   Summ/Air       5%         N/A       82%         4
 Death Channel            Necr           11%        N/A       98%         6
 Ozocubu's Refrigeration  Ice            2%         4d8       100%        7
 Ignition                 Fire           2%         3d3       100%        8


Dungeon Overview and Level Annotations

Branches:
Dungeon (8/15)             Temple (1/1) D:5
   Lair: D:8-11

Altars:
Ashenzari
Cheibriados
Dithmenos
Elyvilon
Gozag
Hepliaklqana
Kikubaaqudgha
Makhleb
Nemelex Xobeh
Okawaru
Qazlal
Ru
Sif Muna
Trog
Uskayaw
Xom
Zin
The Shining One

Shops:
D:1 !*


Innate Abilities, Weirdness & Mutations

Your life essence is reduced to manifest your ancestor. (-10% HP)
You are small and have problems with some larger weapons.
You are completely attuned to the shadows.


Message History

You hit something. Something hits you but does no damage.
You hit something.
Takurtum barely misses something.
Something hits you. Something shocks you.
You sock something!
Reactivating autopickup.
You feel a bit more experienced.
Your Necromancy skill increases to level 4!
You see here a sky beast corpse.
d - 4 scrolls of enchant armour (gained 1)
You start resting.
Magic restored.
HP restored.
You open the door.
There is an open door here.
You now have 238 gold pieces (gained 5).
l - 2 scrolls of fog (gained 1)
Found a stone staircase leading down.
A white ugly thing comes into view.
You see here 10 gold pieces.
Casting: Olgreb's Toxic Radiance
Press: ? - help, Q - select action, (/) - cycle Dir - look around, f - activate You begin to radiate toxic energy.
The white ugly thing gurgles horribly!
The white ugly thing is poisoned.
The white ugly thing looks even sicker.
Casting: Olgreb's Toxic Radiance
Press: ? - help, Q - select action, (/) - cycle Dir - look around, f - activate Your toxic radiance grows in intensity.
The white ugly thing closely misses Takurtum.
Unknown command.
Unknown command.
The white ugly thing looks even sicker.
Takurtum closely misses the white ugly thing.
The white ugly thing tail-slaps you. The white ugly thing freezes you!!
You hit the white ugly thing.
The white ugly thing is lightly wounded.
Takurtum hits the white ugly thing.
The white ugly thing tail-slaps you! The white ugly thing freezes you!!
Ouch! That really hurt!
You die...

###### ###
.....# ..# #
.###.#.
#########.#.#
R#<....
....@...#.#.#
.......
...uR$.....>#
.......
........#.#.#
######.
#########.# #
#.# #.# #.#.#
#.#.# #.#.#


You could see the friendly Takurtum the ancestor and a white ugly thing (very
poisoned, ally target).

Vanquished Creatures
  A hornet (D:6)
  A water moccasin (D:5)
  An ice beast (D:5)
  An orc warrior (D:5)
  2 sky beasts
  An ogre (D:5)
  2 phantoms
  3 scorpions
  7 wights (D:7)
  6 killer bees (D:8)
  2 howler monkeys (D:7)
  3 jellies (D:5)
  A hound (D:5)
  4 iguanas
  A sleepcap (D:6)
  9 adders
  4 gnolls
  3 shadow imps
  2 ufetubi (D:5)
  2 adder skeletons (D:2)
  2 worms
  A dart slug (D:2)
  11 orcs
  5 ball pythons
  2 bats (D:3)
  3 endoplasms
  5 giant cockroaches
  5 hobgoblins
  8 jackals
  3 kobolds
  3 quokkas
  2 frilled lizards (D:1)
  6 goblins
  3 rats
115 creatures vanquished.

Vanquished Creatures (collateral kills)
  A centaur (D:8)
1 creature vanquished.

Vanquished Creatures (others)
  An ancestor (D:7)
  2 withered plants (D:2)
3 creatures vanquished.

Grand Total: 119 creatures vanquished

Notes
Turn   | Place    | Note
-------+----------+-------------------------------------------
     0 | D:1      | Newt the Kobold Hunter began the quest for the Orb.
     0 | D:1      | Reached XP level 1. HP: 12/12 MP: 1/1
   100 | D:1      | Reached XP level 2. HP: 11/18 MP: 2/2
   443 | D:1      | Found a faded altar of an unknown god.
   503 | D:1      | Reached XP level 3. HP: 23/23 MP: 3/3
   556 | D:1      | Found Wihucor's Distillery.
   608 | D:1      | Found Ijuhiogi's Assorted Antiques.
   792 | D:2      | Identified a scroll of acquirement
   792 | D:2      | Acquired the +9 staff of Olgreb {rPois∞}
   792 | D:2      | Found the +9 staff of Olgreb {rPois∞}
   958 | D:2      | Reached XP level 4. HP: 30/30 MP: 4/4
  1062 | D:2      | Reached skill level 5 in Fighting
  1401 | D:3      | Reached skill level 1 in Staves
  1401 | D:3      | Reached XP level 5. HP: 35/35 MP: 5/5
  2020 | D:3      | You fall into a shaft and drop 2 floors!
  2020 | D:5      | Entered Level 5 of the Dungeon
  2065 | D:5      | Noticed an orc warrior
  2116 | D:5      | Killed an orc warrior
  2117 | D:5      | Reached XP level 6. HP: 31/40 MP: 1/6
  2358 | D:5      | Noticed a water moccasin
  2366 | D:5      | Reached XP level 7. HP: 29/44 MP: 2/7
  2370 | D:5      | Killed a water moccasin
  2371 | D:5      | Reached skill level 5 in Staves
  2732 | D:5      | Reached skill level 1 in Spellcasting
  2732 | D:5      | Reached skill level 1 in Poison Magic
  2973 | D:5      | Reached skill level 2 in Poison Magic
  2973 | D:5      | Reached XP level 8. HP: 49/49 MP: 9/11
  3107 | D:5      | Found a staircase to the Ecumenical Temple.
  3119 | Temple   | Entered the Ecumenical Temple
  3361 | Temple   | Became a worshipper of Hepliaklqana the Forgotten
  3451 | D:6      | Noticed a hornet
  3465 | D:6      | Killed a hornet
  3466 | D:6      | Reached skill level 3 in Poison Magic
  4264 | D:6      | Reached skill level 4 in Poison Magic
  4543 | D:7      | Reached skill level 5 in Spellcasting
  4543 | D:7      | Reached skill level 5 in Poison Magic
  4543 | D:7      | Reached XP level 9. HP: 34/54 MP: 7/16
  5014 | D:7      | Reached * piety under Hepliaklqana
  5289 | D:7      | Reached skill level 6 in Poison Magic
  5430 | D:6      | Learned a level 4 spell: Dispel Undead
  5462 | D:7      | Reached skill level 1 in Necromancy
  6135 | D:8      | Noticed a white ugly thing
  6140 | D:8      | Mangled by a white ugly thing

Illustrated notes

Levels and vault maps discovered:
D:1:      dpeg_arrival_water_temple_mockup, layout_loops_ring,
          ebering_ecumenical_altar_mist, serial_shops, shop, shop_statue
D:2:      layout_rooms, serial_undead, serial_undead_f, serial_undead_f,
          serial_undead_e, serial_undead_b
D:3:      minmay_recursive_quarters, layout_loops_corners,
          mainiacjoe_overflow_alcove_2, chequers_serial_rivers_small_a,
          guppyfry_early_lair_pool
D:5:      layout_cave_pools, fedhas_altar_1, lemuel_temple_firewalk_b
D:6:      nicolae_BIG_FREAKIN_CUBE, layout_loops_cross, grunt_decor_clamped,
          kennysheep_generic_room_13
D:7:      layout_rooms
D:8:      layout_basic
Temple:   nicolae_temple_bog_church

Skill      XL: |  1  2  3  4  5  6  7  8  9 |
---------------+----------------------------+-----
Fighting       | 3 4 5 |  5.0
Staves         | 1 3 4 5 |  5.0
Dodging        | 4 |  4.0
Spellcasting   | 2 5 |  5.9
Poison Magic   | 2 5 6 |  6.0
Necromancy     | 4 |  4.3
Ranged Weapons | |  5.3
Stealth        | |  1.3

Action                     |  1- 3 |  4- 6 |  7- 9 || total
---------------------------+-------+-------+-------++-------
  Melee: Staff             |    16 |    77 |   156 ||   249
   Fire: Shortbow          |    44 |       |       ||    44
Ability: Evoke the Staff o |       |     6 |    14 ||    20
    Use: Scroll            |     2 |     3 |     5 ||    10
   Stab: Sleeping          |     1 |     9 |     2 ||    12
         Distracted        |       |       |     1 ||     1
 Armour: Leather armour    |     4 |    17 |    17 ||    38
  Dodge: Dodged            |    24 |    43 |    92 ||   159
  Block: Other             |       |    11 |    33 ||    44
         Reflection        |       |       |     1 ||     1

Table legend: (Time is in decaauts)
 A = Elapsed time spent in this place.
 B = Non-inter-level travel time spent in this place.
 C = Inter-level travel time spent in this place.
 D = Time resting spent in this place.
 E = Time spent auto-exploring this place.
 F = Levels seen in this place.
 G = Mean time per level.
                   A        B        C        D        E       F      G
               +--------+--------+--------+--------+--------+-----+--------+
         Total |   6174 |   6035 |    139 |   1133 |   4113 |   8 |  771.8 |
       Dungeon |   5906 |   5784 |    122 |   1133 |   3881 |   7 |  843.7 |
        Temple |    267 |    251 |     16 |      0 |    232 |   1 |  267.0 |
               +--------+--------+--------+--------+--------+-----+--------+

Top non-repeatable levels by time:
     D:6: 1210 daAuts
     D:5: 1148 daAuts
     D:7: 925 daAuts
     D:1: 800 daAuts
     D:3: 665 daAuts
     D:2: 579 daAuts
     D:8: 576 daAuts
  Temple: 267 daAuts
